 Dungeon Crawl Stone Soup version 0.28-a0-1117-g0bdd5ba030 (webtiles) character file.

Game seed: 9076228238878528540

129 SensoryNuts the Slasher (level 4, -1/38 HPs)
             Began as a Draconian Gladiator on Dec 12, 2021.
             Killed by divine providence
             ... invoked by an orc priest
              (13 damage)
             ... on level 4 of the Dungeon.
             The game lasted 00:02:54 (2892 turns).

SensoryNuts the Slasher (Draconian Gladiator)       Turns: 2892, Time: 00:02:54

Health: -1/38      AC:  5    Str: 15 (18) XL:     4   Next: 88%
Magic:  4/4        EV: 12    Int:  7 (9)  God:
Gold:   144        SH:  0    Dex:  9 (12) Spells: 3/3 levels left

rFire   . . .      SeeInvis .   a - +0 long sword
rCold   . . .      Faith    .   (no shield)
rNeg    . . .      Spirit   .   (armour unavailable)
rPois   .          Reflect  .   b - +0 hat
rElec   .          Harm     .   (no cloak)
rCorr   .          Rampage  .   (no gloves)
Will    .....                   (no boots)
Stlth   +.........              (no amulet)
HPRegen 0.12/turn               (no ring)
MPRegen 0.09/turn               (no ring)

@: lethally poisoned (-1 -> -6)
A: AC +5, unfitting armour, cold-blooded, claws 1, hooves 1, horns 1
a: no special abilities


You were on level 4 of the Dungeon.
You visited 1 branch of the dungeon, and saw 4 of its levels.

You collected 144 gold pieces.

Inventory:

Hand Weapons
 a - a +0 long sword (weapon)
Missiles
 c - 2 throwing nets (quivered)
Armour
 b - a +0 hat (worn)
 i - a scarf of harm
Scrolls
 d - a scroll of noise {unknown}
 e - a scroll of teleportation
 f - 2 scrolls of immolation {unknown}
Potions
 h - a potion of degeneration


   Skills:
 + Level 3.0 Fighting
 + Level 4.2 Long Blades
 + Level 2.0 Throwing
 + Level 3.6 Dodging
 + Level 1.0 Stealth


You had 3 spell levels left.
You didn't know any spells.
Your spell library contained the following spells:

 Spells                   Type           Power      Damage    Failure   Level
 Gell's Gravitas          Tloc           0%         N/A       80%         3
 Lesser Beckoning         Tloc           0%         N/A       80%         3
 Teleport Other           Tloc           0%         N/A       80%         3


Dungeon Overview and Level Annotations

Branches:
Dungeon (4/15)
 Temple: D:4-7

Altars:
Sif Muna


Innate Abilities, Weirdness & Mutations

Your plain brown scales are hard. (AC +5)
You cannot fit into any form of body armour.
You are cold-blooded and may be slowed by cold attacks.
You have sharp fingernails.
You have large cloven feet.
You have a pair of small horns on your head.


Message History

You now have 144 gold pieces (gained 9).
An orc and an orc priest come into view.
The orc is wielding a +2 vorpal flail.
The orc priest shouts!
You hear a shout!
There are monsters nearby!
An orc and an orc wizard come into view.
The orc shouts!
The orc wizard shouts!
The orc shouts!
A water moccasin comes into view.
The water moccasin hisses angrily.
The orc wizard gestures wildly while chanting.
The orc wizard flickers and vanishes!
Deactivating autopickup; reactivate with Ctrl-A.
The orc priest looks encouraged for a moment.
You hit the orc priest but do no damage.
Your kick misses the orc priest.
An orc comes into view. It is wielding a +0 short sword.
You barely miss the orc. You kick the orc, but do no damage.
You headbutt the orc!
You kill the orc!
You closely miss the water moccasin. The water moccasin bites you.
You are poisoned.
The water moccasin poisons you! The orc barely misses you.
The water moccasin closely misses you.
You slash the water moccasin! Your kick misses the water moccasin.
You headbutt the water moccasin.
Your tail-slap misses the water moccasin.
The water moccasin is heavily wounded.
You feel very sick. The water moccasin bites you.
Something hits you but does no damage. The orc hits you but does no damage.
You miss the water moccasin. You kick the water moccasin.
The water moccasin is severely wounded.
You feel sick. The water moccasin barely misses you. Something hits you.
The orc priest hits you with a +0 mace. The orc completely misses you.
The water moccasin bites you.
You are too injured to fight recklessly!
You feel sick.
The orc priest mumbles some strange prayers to Beogh against you.
Beogh smites you!
You die...

#...................
....................
..##...............#
.#................
...................
...................
...................
...................
.......o@...##?....
.......o...........
.....o.{S..........
#.................
.......##.........
......# ......#..
#.#... ......###
#.##.. ....## ...
....


You could see a water moccasin, an orc priest and 2 orcs.

Vanquished Creatures
  A hound skeleton (D:2)
  3 gnolls (D:3)
  3 adders
  A worm (D:3)
  2 dart slugs
  2 orcs
  5 endoplasms
  A giant cockroach (D:3)
  4 goblins
  14 hobgoblins
  4 kobolds
  2 quokkas
  2 ball pythons
  4 bats
  A rat (D:3)
49 creatures vanquished.

Notes
Turn   | Place    | Note
-------+----------+-------------------------------------------
     0 | D:1      | SensoryNuts the Draconian Gladiator began the quest for the
                  | Orb.
     0 | D:1      | Reached XP level 1. HP: 17/17 MP: 1/1
   478 | D:1      | Reached XP level 2. HP: 25/25 MP: 2/2
   734 | D:2      | Reached XP level 3. HP: 28/30 MP: 3/3
  1857 | D:3      | Found a shimmering blue altar of Sif Muna.
  2030 | D:3      | Reached XP level 4. HP: 33/37 MP: 4/4
  2489 | D:3      | Reached skill level 4 in Long Blades
  2494 | D:3      | Gained mutation: You have sharp fingernails. [potion of
                  | mutation]
  2494 | D:3      | Gained mutation: You have a pair of small horns on your
                  | head. [potion of mutation]
  2494 | D:3      | Gained mutation: You have large cloven feet. [potion of
                  | mutation]
  2850 | D:4      | Reached skill level 1 in Stealth
  2885 | D:4      | Noticed a water moccasin
  2892 | D:4      | Killed from afar by an orc priest

Illustrated notes

Levels and vault maps discovered:
D:1:      minmay_arrival_semitransparent, layout_basic
D:2:      layout_basic, corexii_item_surrounded_by_moat,
          chequers_serial_rivers_micro_b
D:3:      layout_basic, lemuel_doored_altar, small_statue_alley_b
D:4:      layout_cave_pools, mainiacjoe_overflow_small_starburst,
          chequers_mini_garden

Skill      XL: |  1  2  3  4 |
---------------+-------------+-----
Dodging        | 3 |  3.6
Throwing       | 2 |  2.0
Long Blades    | 4 |  4.2
Fighting       | 3 |  3.0
Stealth        | 1 |  1.0

Action                   |  1- 3 |  4- 6 || total
-------------------------+-------+-------++-------
Melee: Long sword        |    93 |    38 ||   131
       Tailslap          |     9 |     5 ||    14
       Headbutt          |       |     4 ||     4
       Kick              |       |     3 ||     3
Throw: Throwing net      |       |     1 ||     1
  Use: Potion            |       |     6 ||     6
       Scroll            |       |     1 ||     1
 Stab: Sleeping          |     3 |       ||     3
       Distracted        |       |     1 ||     1
Armor: Skin              |    28 |     5 ||    33
Dodge: Dodged            |    62 |    20 ||    82

Table legend: (Time is in decaauts)
 A = Elapsed time spent in this place.
 B = Non-inter-level travel time spent in this place.
 C = Inter-level travel time spent in this place.
 D = Time resting spent in this place.
 E = Time spent auto-exploring this place.
 F = Levels seen in this place.
 G = Mean time per level.
                   A        B        C        D        E       F      G
               +--------+--------+--------+--------+--------+-----+--------+
         Total |   2919 |   2919 |      0 |      0 |   2402 |   4 |  729.8 |
       Dungeon |   2919 |   2919 |      0 |      0 |   2402 |   4 |  729.8 |
               +--------+--------+--------+--------+--------+-----+--------+

Top non-repeatable levels by time:
     D:3: 1134 daAuts
     D:2: 1043 daAuts
     D:1: 692 daAuts
     D:4: 48 daAuts
